 Dungeon Crawl Stone Soup version 0.29.1-12-g30fa7ad0bf (webtiles) character file.

Game seed: 16358336354600051537

620 DemonSlayer the Digger (level 7, -1/46 HPs)
             Began as a Demonspawn Earth Elementalist on Jan 5, 2023.
             Was a Follower of Cheibriados.
             Slain by a wight
             ... wielding a +3 spear of freezing
              (12 damage)
             ... on level 5 of the Dungeon.
             The game lasted 00:11:19 (3952 turns).

DemonSlayer the Digger (DsEE)                       Turns: 3952, Time: 00:11:19

Health: -1/46      AC:  3    Str: 16    XL:     7   Next: 22%
Magic:  3/14       EV: 16    Int: 21    God:    Cheibriados [*.....]
Gold:   51         SH:  4    Dex: 15    Spells: 9/15 levels left

rFire   . . .      SeeInvis .   s - +4 dagger
rCold   . . .      Faith    .   (no shield)
rNeg    . . .      Spirit   .   a - +0 robe
rPois   .          Reflect  .   (no helmet)
rElec   .          Harm     .   b - +0 cloak
rCorr   .          Rampage  .   (no gloves)
Will    .....                   (no boots)
Stlth   ++........              u - amulet of the acrobat
HPRegen 0.15/turn               f - +6 ring of strength
MPRegen 0.14/turn               i - +4 ring of evasion

@: very slightly contaminated, very slow
A: claws 2, large bone plates 1, demonic guardian 1
a: Renounce Religion, Bend Time


You were on level 5 of the Dungeon.
You worshipped Cheibriados.
Cheibriados was aware of your devotion.
You visited 1 branch of the dungeon, and saw 5 of its levels.

You collected 264 gold pieces.
You spent 213 gold pieces at shops.

Inventory:

Hand Weapons
 s - a +4 dagger (weapon)
Missiles
 l - 3 curare-tipped darts
 y - a throwing net
Armour
 a - a +0 robe (worn)
 b - a +0 cloak (worn)
Jewellery
 f - a +6 ring of strength (left claw)
 i - a +4 ring of evasion (right claw)
 u - an amulet of the acrobat (around neck)
Scrolls
 e - 2 scrolls of immolation {unknown}
 g - a scroll of magic mapping {unknown}
 h - a scroll of poison {unknown}
 m - 2 scrolls of teleportation
 n - a scroll of noise {unknown}
 o - 3 scrolls of fear
 q - a scroll of enchant armour {unknown}
 t - a scroll of butterflies {unknown}
 w - a scroll of vulnerability
 x - a scroll of torment
 A - a scroll of identify
Potions
 c - a potion of magic
 d - a potion of degeneration {unknown}
 j - a potion of ambrosia
 k - 4 potions of heal wounds
 p - a potion of berserk rage {unknown}
 r - 4 potions of brilliance
 v - 3 potions of curing
 z - a potion of resistance {unknown}


   Skills:
 + Level 0.1 Fighting
 + Level 0.3 Short Blades
 + Level 2.4 Dodging
 + Level 2.1 Stealth
 + Level 0.2 Shields
 + Level 4.8 Spellcasting
 + Level 0.1 Conjurations
 + Level 0.8 Transmutations
 + Level 5.6 Earth Magic


You had 9 spell levels left.
You knew the following spells:

 Your Spells              Type           Power      Damage    Failure   Level
a - Sandblast             Erth           56%        2d13      1%          1
b - Passwall              Tmut/Erth      15%        N/A       4%          2
c - Stone Arrow           Conj/Erth      34%        3d9       10%         3

Your spell library contained the following spells:

 Spells                   Type           Power      Damage    Failure   Level
 Petrify                  Tmut/Erth      18%        N/A       28%         4
 Animate Armour           Summ/Erth      32%        N/A       34%         4
 Blade Hands              Tmut           4%         N/A       91%         5
 Iron Shot                Conj/Erth      8%         9d3       99%         6
 Dispersal                Tloc           2%         N/A       100%        6
 Disjunction              Tloc           2%         N/A       100%        8


Dungeon Overview and Level Annotations

Branches:
Dungeon (5/15)
 Temple: D:4-7

Altars:
Cheibriados
Hepliaklqana
Okawaru

Shops:
D:3 ?   D:5 *!*


Innate Abilities, Weirdness & Mutations

You have very sharp fingernails.
You are partially covered in large bone plates. (SH +4)
A weak demonic guardian rushes to your aid.


Message History

The wight freezes you. The wight barely misses you.
You don't have enough magic to cast this spell.
Magic courses through your body. The wight misses you.
The wight closely misses you.
You miscast Stone Arrow.
You are very lightly contaminated with residual magic.
Nothing appears to happen.
The wight hits you from afar with a +3 spear of freezing!
A demonic guardian appears!
You feel drained. The wight freezes you. You block the wight's attack.
The stone arrow hits the wight!
You destroy the wight!
Cheibriados thoroughly appreciates the change of pace.
The wight hits you from afar with a +3 spear of freezing.
You feel drained. The wight freezes you.
Your quasit barely misses the wight. x3
Your life force feels restored.
You are too injured to fight recklessly!
Casting: Stone Arrow (dangerous; 10% risk of failure)
Confirm with . or Enter, or press ? or * to list all spells.
Aiming: Stone Arrow (dangerous; 10% risk of failure)
Press: ? - help, Shift-Dir - straight line, f - wight
Aim: a wight, wielding a +3 spear of freezing and wearing a +0 robe (ally target, 68% to hit)
You miscast Stone Arrow.
Nothing appears to happen.
The wight hits you from afar with a +3 spear of freezing!
The wight freezes you.
* * * LOW HITPOINT WARNING * * *
Your quasit bites the wight but does no damage.
Your quasit barely misses the wight.
Your quasit claws the wight but does no damage.
Casting: Stone Arrow (dangerous; 10% risk of failure)
Confirm with . or Enter, or press ? or * to list all spells.
Aiming: Stone Arrow (dangerous; 10% risk of failure)
Press: ? - help, Shift-Dir - straight line, f/p - wight
Aim: a wight, wielding a +3 spear of freezing and wearing a +0 robe (ally target, 68% to hit)
The stone arrow hits the wight!
The wight is severely damaged.
Your quasit bites the wight but does no damage.
Your quasit barely misses the wight.
Your quasit claws the wight.
The wight hits you from afar with a +3 spear of freezing!
You die...

### .# ..# z#
#.# .# #.# z#
#.# z# #.# .#
#.###z#
#..@)5#
#.##### #.#
###.#####.#
#.........#
###.#.#######
#.....#
#.###.## ##.#
#..#


You could see a wight (ally target) and a friendly quasit (summoned).

Vanquished Creatures
  2 black bears (D:5)
  A centaur (D:5)
  A wight (D:5)
  A howler monkey (D:5)
  A jelly (D:4)
  An orc priest (D:5)
  A hound (D:5)
  An orc wizard (D:5)
  3 gnolls (D:5)
  4 adders
  An ufetubus (D:4)
  4 worms
  A dart slug (D:2)
  4 orcs
  10 ball pythons
  4 bats
  2 endoplasms
  2 giant cockroaches
  7 hobgoblins
  8 jackals
  4 quokkas
  3 frilled lizards (D:1)
  3 goblins
  5 kobolds
  5 rats
79 creatures vanquished.

Vanquished Creatures (collateral kills)
  An orc (D:5)
1 creature vanquished.

Vanquished Creatures (others)
  2 fungi (D:4)
  2 withered plants (D:1)
4 creatures vanquished.

Grand Total: 84 creatures vanquished

Notes
Turn   | Place    | Note
-------+----------+-------------------------------------------
     0 | D:1      | DemonSlayer the Demonspawn Earth Elementalist began the
                  | quest for the Orb.
     0 | D:1      | Reached XP level 1. HP: 13/13 MP: 3/3
   186 | D:1      | Reached skill level 3 in Earth Magic
   335 | D:1      | Gained mutation: You are partially covered in large bone
                  | plates. (SH +4) [demonic ancestry]
   335 | D:1      | Reached XP level 2. HP: 19/19 MP: 3/5
   338 | D:1      | Learned a level 2 spell: Passwall
   598 | D:1      | Found a faded altar of an unknown god.
  1025 | D:2      | Reached XP level 3. HP: 24/24 MP: 4/6
  1481 | D:2      | Found a hazy altar of Hepliaklqana.
  1624 | D:2      | Learned a level 3 spell: Stone Arrow
  1771 | D:3      | Gained mutation: A weak demonic guardian rushes to your
                  | aid. [demonic ancestry]
  1771 | D:3      | Reached XP level 4. HP: 27/30 MP: 3/8
  1893 | D:3      | Found Koewk's Magic Scroll Emporium.
  1901 | D:3      | Bought a scroll of fear for 44 gold pieces
  1901 | D:3      | Bought a scroll of teleportation for 33 gold pieces
  2670 | D:4      | Identified the +8 spear "Fyerr" {holy, Dex+7}
  2756 | D:4      | Found a snail-covered altar of Cheibriados.
  2778 | D:4      | Became a worshipper of Cheibriados the Contemplative
  2844 | D:4      | Reached skill level 4 in Earth Magic
  2844 | D:4      | Reached XP level 5. HP: 28/35 MP: 1/10
  2867 | D:4      | Noticed an ogre
  2954 | D:4      | Found an iron altar of Okawaru.
  3004 | D:4      | Noticed a steam dragon
  3021 | D:5      | Entered Level 5 of the Dungeon
  3078 | D:5      | Found Qeidgh's Distillery.
  3186 | D:5      | Bought 2 potions of curing for 84 gold pieces
  3235 | D:5      | Found Nonkauso's General Store.
  3243 | D:5      | Bought a scroll of identify for 26 gold pieces
  3243 | D:5      | Bought a scroll of identify for 26 gold pieces
  3468 | D:5      | Noticed a black bear
  3473 | D:5      | Gained mutation: You have sharp fingernails. [demonic
                  | ancestry]
  3473 | D:5      | Reached XP level 6. HP: 41/41 MP: 8/12
  3599 | D:5      | Reached skill level 5 in Earth Magic
  3648 | D:5      | Found Anut's General Store.
  3704 | D:5      | Found a hazy altar of Hepliaklqana.
  3730 | D:5      | Reached * piety under Cheibriados
  3731 | D:5      | Gained mutation: You have very sharp fingernails. [demonic
                  | ancestry]
  3731 | D:5      | Reached XP level 7. HP: 39/46 MP: 9/14
  3952 | D:5      | Slain by a wight

Illustrated notes

Levels and vault maps discovered:
D:1:      spicycebolla_green_bress_n_ham_2, layout_basic,
          ebering_ecumenical_altar_petrified
D:2:      layout_rooms, basic_altar, item_on_display_a
D:3:      layout_basic, serial_shops, nicolae_square_shop,
          kennysheep_generic_room_14
D:4:      layout_rooms, mainiacjoe_overflow_big_doors, cheibrodos_worm_habitat,
          ebering_ghost_inner_flame, minmay_surrounded
D:5:      layout_loops_ring, mainiacjoe_overflow_concentric_impassable,
          serial_shops, shop, nicolae_shop_statue_plus, shop

Skill      XL: |  1  2  3  4  5  6 |
---------------+-------------------+-----
Dodging        | 2 |  2.4
Earth Magic    | 3 4 5 |  5.6
Spellcasting   | 3 4 |  4.8
Stealth        | 2 |  2.1
Fighting       | |  0.1
Short Blades   | |  0.3
Shields        | |  0.2
Conjurations   | |  0.1
Transmutations | |  0.8

Action                   |  1- 3 |  4- 6 |  7- 9 || total
-------------------------+-------+-------+-------++-------
Melee: Dagger            |     5 |    11 |       ||    16
Throw: Dart              |       |     1 |       ||     1
 Cast: Sandblast         |    63 |    53 |       ||   116
       Stone Arrow       |       |     6 |    10 ||    16
  Use: Potion            |     1 |     1 |     1 ||     3
       Scroll            |       |     7 |       ||     7
 Stab: Sleeping          |       |     3 |       ||     3
Armor: Robe              |     2 |     2 |       ||     4
Dodge: Dodged            |    32 |    30 |     7 ||    69
Block: Other             |     9 |    10 |     1 ||    20
